[Event "German-ch Women 2024"]
[Site "Ostfildern"]
[Date "2024.08.21"]
[Round "4.10"]
[White "Sokyrko, Sofiia"]
[Black "Noll, Sonja"]
[Result "0-1"]
[ECO "B03"]
[WhiteElo "1585"]
[BlackElo "1810"]
[Annotator "NA RC"]
[PlyCount "108"]
[EventDate "2024.08.16"]
[EventType "tourn"]
[EventCountry "GER"]
[SourceTitle "playchess.com"]
[Source "ChessBase"]
[SourceQuality "1"]
[TimeControl "40/5400+30:1800+30"]

1. e4 Nf6 2. e5 Nd5 3. d4 d6 4. Bc4 Nb6 5. Bb3 dxe5 6. Qh5 e6 7. dxe5 Nc6 8. Nf3 g6 9. Qg4 Bg7 10. Bg5 Qd7 11. Qe4 h6 12. Be3 Na5 13. Nc3 Nxb3 14. axb3 Qc6 15. Qxc6+ bxc6 16. Bxb6 cxb6 17. Ne4 Ke7 18. O-O c5 19. Rfd1 Bb7 20. Ned2 Rhd8 21. Re1 f6 22. Nc4 fxe5 23. Nfxe5 g5 24. g3 Rd5 25. f4 gxf4 26. gxf4 Bf6 27. f5 Rg8+ 28. Kf1 Rd4 29. Rxa7 Rf4+ 30. Ke2 Re4+ 31. Kd1 Rd8+ 32. Nd3 Rxe1+ 33. Kxe1 Bh4+ 34. Ke2 Rd7 35. fxe6 Bf3+ 36. Kxf3 Rxa7 37. Nxb6 Ra1 38. Nxc5 Rf1+ 39. Ke4 Rf2 40. Kd3 Rxh2 41. Nd5+ Kd6 42. e7 Bxe7 43. Nxe7 Kxc5 44. Nf5 h5 45. c3 Rxb2 46. b4+ Kb5 47. Nd4+ Kb6 48. Nf3 Rg2 49. Kd4 Rg3 50. Ke4 Kb5 51. Kf4 Rg8 52. c4+ Kxb4 53. Kf5 Kxc4 54. Nh4 Kd4 0-1

[Event "German-ch Women 2024"]
[Site "Ostfildern"]
[Date "2024.08.22"]
[Round "5.1"]
[White "Kostak, Tetyana"]
[Black "Braun, Kristin"]
[Result "1-0"]
[ECO "C00"]
[WhiteElo "2094"]
[BlackElo "2001"]
[Annotator "RC"]
[PlyCount "103"]
[EventDate "2024.08.16"]
[EventType "tourn"]
[EventCountry "GER"]
[SourceTitle "playchess.com"]
[Source "ChessBase"]
[SourceQuality "1"]
[TimeControl "40/5400+30:1800+30"]

1. Nf3 c5 2. e4 Nc6 3. d3 g6 4. c3 d5 5. Nbd2 Bg7 6. Be2 e6 7. O-O Nge7 8. Re1 O-O 9. Bf1 Qc7 10. g3 b6 11. Bg2 Bb7 12. Qe2 d4 13. c4 e5 14. h4 Bc8 15. Nf1 Bd7 16. h5 Rae8 17. hxg6 hxg6 18. Nh4 f6 19. Nh2 Qc8 20. Bd2 Kf7 21. Bf3 Rh8 22. Bg4 Nd8 23. Bxd7 Qxd7 24. Qg4 Ne6 25. Rf1 Rh7 26. f4 exf4 27. Bxf4 Reh8 28. Rf2 Rh5 29. Bd2 Qd6 30. N2f3 Ke8 31. Re1 Kd8 32. Kf1 g5 33. e5 fxe5 34. Bxg5 Kc7 35. Bxe7 Qxe7 36. Ng6 Rh1+ 37. Ng1 Qe8 38. Nxh8 Rxh8 39. Nf3 Kd6 40. Nh4 Rg8 41. Nf5+ Kd7 42. Qe4 Nc7 43. Ke2 Bf6 44. Rh1 Rh8 45. Rfh2 Rxh2+ 46. Rxh2 Qg8 47. Rh6 Qf7 48. Nh4 Ne8 49. Rh7 Ng7 50. Nf5 Kc7 51. Nxg7 Bxg7 52. Qg4 1-0

[Event "German-ch Women 2024"]
[Site "Ostfildern"]
[Date "2024.08.22"]
[Round "5.2"]
[White "Miljkovic, Jovana"]
[Black "Bursan, Ana-Maria"]
[Result "1-0"]
[ECO "D20"]
[WhiteElo "2021"]
[BlackElo "1719"]
[Annotator "RC"]
[PlyCount "91"]
[EventDate "2024.08.16"]
[EventType "tourn"]
[EventCountry "GER"]
[SourceTitle "playchess.com"]
[Source "ChessBase"]
[SourceQuality "1"]
[TimeControl "40/5400+30:1800+30"]

1. Nf3 d5 2. d4 c5 3. c4 dxc4 4. e4 cxd4 5. Qxd4 Qxd4 6. Nxd4 a6 7. Bxc4 e5 8. Nf3 Nc6 9. Nc3 Be6 10. Bxe6 fxe6 11. O-O Nf6 12. Be3 Bb4 13. Ng5 Nd4 14. a3 Bxc3 15. bxc3 Nc2 16. Rab1 Nxe3 17. fxe3 b5 18. Nxe6 Ra7 19. Nxg7+ Ke7 20. Rf5 Nxe4 21. Rxe5+ Kd6 22. Rxe4 Rxg7 23. Rd1+ Kc5 24. Rdd4 Rf8 25. Re5+ Kc6 26. Re6+ Kc5 27. Rxa6 Rgf7 28. h4 Rf1+ 29. Kh2 Re1 30. e4 Rf2 31. Rd5+ Kc4 32. Rc6+ Kb3 33. Rxb5+ Kc2 34. Rf5 Rfe2 35. e5 Rxe5 36. Rxe5 Rxe5 37. Rh6 Re7 38. c4 Kb3 39. c5 Kxa3 40. c6 Kb4 41. Rd6 Rc7 42. Rd7 Rxc6 43. Rxh7 Kc5 44. Rd7 Rh6 45. Kh3 Kc6 46. Rd1 1-0

[Event "German-ch Women 2024"]
[Site "Ostfildern"]
[Date "2024.08.22"]
[Round "5.3"]
[White "Mader, Lena"]
[Black "Bluebaum, Johanna"]
[Result "0-1"]
[ECO "A13"]
[WhiteElo "1876"]
[BlackElo "1994"]
[Annotator "RC"]
[PlyCount "82"]
[EventDate "2024.08.16"]
[EventType "tourn"]
[EventCountry "GER"]
[SourceTitle "playchess.com"]
[Source "ChessBase"]
[SourceQuality "1"]
[TimeControl "40/5400+30:1800+30"]

1. c4 e6 2. g3 Nf6 3. Bg2 d5 4. Nf3 Bd6 5. O-O O-O 6. b3 Nc6 7. Bb2 d4 8. Nxd4 Nxd4 9. Bxd4 Bxg3 10. hxg3 Qxd4 11. Na3 c6 12. Nc2 Qd6 13. d4 e5 14. e4 Bg4 15. f3 Bh5 16. g4 Bg6 17. d5 Qc5+ 18. Rf2 cxd5 19. cxd5 Rac8 20. Qd2 Rfd8 21. Ne3 b5 22. Rd1 Ne8 23. Nf1 Rd7 24. Qe3 Qe7 25. Rfd2 Nd6 26. Ng3 Rdc7 27. Ne2 Qh4 28. Qf2 Qg5 29. Kf1 f6 30. Ng1 b4 31. Nh3 Qh6 32. g5 Qh5 33. Qg3 Rc1 34. gxf6 Nxe4 35. Qe1 Nxd2+ 36. Qxd2 Rxd1+ 37. Qxd1 gxf6 38. Nf2 Qg5 39. Nd3 Qe3 40. Ne1 Rc1 41. Qe2 Bd3 0-1

[Event "German-ch Women 2024"]
[Site "Ostfildern"]
[Date "2024.08.22"]
[Round "5.4"]
[White "Novikova, Margarita"]
[Black "Staerk, Elisa"]
[Result "1/2-1/2"]
[ECO "A45"]
[WhiteElo "1991"]
[BlackElo "2002"]
[Annotator "RC"]
[PlyCount "82"]
[EventDate "2024.08.16"]
[EventType "tourn"]
[EventCountry "GER"]
[SourceTitle "playchess.com"]
[Source "ChessBase"]
[SourceQuality "1"]
[TimeControl "40/5400+30:1800+30"]

1. d4 Nf6 2. Bf4 c5 3. e3 g6 4. Nc3 cxd4 5. exd4 Bg7 6. Nf3 d6 7. Bc4 O-O 8. h3 b6 9. O-O Bb7 10. d5 Nbd7 11. Qd2 Rc8 12. Bb3 Nc5 13. Bh6 Nxb3 14. axb3 a5 15. Ra4 Rc5 16. Rh4 Bh8 17. Bxf8 Kxf8 18. Ng5 Bg7 19. Re1 Kg8 20. Qe2 Bf8 21. Qf3 h6 22. Nge4 Nxe4 23. Rhxe4 e6 24. dxe6 f5 25. e7 Bxe7 26. Rxe7 Bxf3 27. Re8+ Qxe8 28. Rxe8+ Kf7 29. Rb8 Be4 30. Nxe4 fxe4 31. Rxb6 Rxc2 32. Rxd6 Rxb2 33. Ra6 Rxb3 34. Rxa5 e3 35. fxe3 Rxe3 36. Ra6 Re6 37. Ra5 h5 38. g3 Re2 39. h4 Rb2 40. Rc5 Ke6 41. Rg5 Kf6 1/2-1/2

[Event "German-ch Women 2024"]
[Site "Ostfildern"]
[Date "2024.08.22"]
[Round "5.5"]
[White "Just, Anita"]
[Black "Moutaqi, Sandra"]
[Result "1-0"]
[ECO "B73"]
[WhiteElo "1871"]
[BlackElo "1961"]
[Annotator "RC"]
[PlyCount "147"]
[EventDate "2024.08.16"]
[EventType "tourn"]
[EventCountry "GER"]
[SourceTitle "playchess.com"]
[Source "ChessBase"]
[SourceQuality "1"]
[TimeControl "40/5400+30:1800+30"]

1. e4 c5 2. Nf3 d6 3. d4 cxd4 4. Nxd4 Nc6 5. Nc3 Nf6 6. Be2 g6 7. Be3 Bg7 8. O-O O-O 9. h3 Bd7 10. Qd2 a6 11. f4 Rc8 12. Rad1 Qc7 13. Bf3 Na5 14. Qf2 Nc4 15. Bc1 b5 16. Nce2 Rfd8 17. Ng3 b4 18. b3 Na5 19. Be3 Re8 20. Rd2 e5 21. Nde2 Nb7 22. Rfd1 Bc6 23. c4 Bf8 24. f5 Nc5 25. fxg6 hxg6 26. Bxc5 dxc5 27. Qe3 Kh7 28. Qg5 Bh6 29. Qxf6 Bxd2 30. Rxd2 Qe7 31. Qxe7 Rxe7 32. Bg4 Rf8 33. Rd6 Bb7 34. Nc1 f6 35. Nd3 Rc7 36. Be6 Kh6 37. Kf2 Kg5 38. Bd5 Bxd5 39. Rxd5 Rfc8 40. Nf1 a5 41. Ne3 Rc6 42. Kf3 R8c7 43. g3 Kh6 44. Nd1 Kg5 45. N1b2 Re7 46. Nxc5 f5 47. Nbd3 fxe4+ 48. Kxe4 Rh7 49. Nxe5 Rxc5 50. h4+ Kf6 51. Rxc5 Re7 52. Rxa5 Re6 53. Kf4 Rd6 54. Ng4+ Kf7 55. Ra7+ Ke6 56. Ke4 Rd2 57. Ra6+ Kf7 58. Ne5+ Ke8 59. Nxg6 Rg2 60. Kf3 Rd2 61. Ra7 Rd3+ 62. Kf4 Rd4+ 63. Ke5 Rg4 64. Kf6 Rxg3 65. Ne5 Kd8 66. h5 Rh3 67. Kg6 Rg3+ 68. Kh7 Rh3 69. h6 Rh5 70. Nc6+ Kc8 71. Nxb4 Kb8 72. Kg6 Rxh6+ 73. Kxh6 Kxa7 74. c5 1-0

[Event "German-ch Women 2024"]
[Site "Ostfildern"]
[Date "2024.08.22"]
[Round "5.6"]
[White "Wilmink, Anna"]
[Black "Foltin, Alica"]
[Result "1-0"]
[ECO "B74"]
[WhiteElo "1905"]
[BlackElo "1722"]
[Annotator "RC"]
[PlyCount "77"]
[EventDate "2024.08.16"]
[EventType "tourn"]
[EventCountry "GER"]
[SourceTitle "playchess.com"]
[Source "ChessBase"]
[SourceQuality "1"]
[TimeControl "40/5400+30:1800+30"]

1. e4 c5 2. Nf3 d6 3. d4 cxd4 4. Nxd4 Nf6 5. Nc3 Nc6 6. Be2 g6 7. Be3 Bg7 8. O-O O-O 9. Nb3 Be6 10. f4 a6 11. Bf3 Rc8 12. Nd5 Nd7 13. c3 b5 14. Nd4 Bxd5 15. exd5 Na5 16. Qe2 Re8 17. a4 Bxd4 18. Bxd4 Nb3 19. Rad1 Rc4 20. axb5 axb5 21. Be3 Qa5 22. Qc2 Qa4 23. Qf2 Nf6 24. Be2 Rc7 25. f5 Qe4 26. fxg6 hxg6 27. Bxb5 Rf8 28. Bd3 Qe5 29. Bh6 Ng4 30. Qh4 Nxh6 31. Qxh6 Qg7 32. Qxg7+ Kxg7 33. Bc2 Rb8 34. Rf3 Rc4 35. Rdf1 f5 36. Re3 Kf7 37. Rfe1 Rc7 38. Rh3 e5 39. Rh7+ 1-0

[Event "German-ch Women 2024"]
[Site "Ostfildern"]
[Date "2024.08.22"]
[Round "5.7"]
[White "Walker, Julia"]
[Black "Wagenschuetz, Evelyn"]
[Result "1/2-1/2"]
[ECO "B22"]
[WhiteElo "1836"]
[BlackElo "2070"]
[Annotator "RC"]
[PlyCount "136"]
[EventDate "2024.08.16"]
[EventType "tourn"]
[EventCountry "GER"]
[SourceTitle "playchess.com"]
[Source "ChessBase"]
[SourceQuality "1"]
[TimeControl "40/5400+30:1800+30"]

1. e4 c5 2. c3 Nf6 3. e5 Nd5 4. d4 cxd4 5. Nf3 e6 6. cxd4 d6 7. Bc4 Be7 8. Qe2 O-O 9. O-O b6 10. Rd1 Bb7 11. Bxd5 exd5 12. Bf4 dxe5 13. Bxe5 Ba6 14. Qd2 Nd7 15. Nc3 Bb4 16. Rac1 f6 17. Bg3 Re8 18. Re1 Rxe1+ 19. Qxe1 Nf8 20. h3 Qd7 21. a3 Bd6 22. Bxd6 Qxd6 23. Qd1 Ne6 24. Qa4 Bb7 25. Re1 Bc6 26. Qb4 Qxb4 27. axb4 Kf7 28. b5 Bb7 29. g3 Nc7 30. Rc1 Bc8 31. Ne1 Bxh3 32. Nd3 g5 33. Nb4 Bd7 34. Nbxd5 Nxd5 35. Nxd5 Bxb5 36. Rc7+ Ke6 37. Nc3 Bd3 38. d5+ Kd6 39. Rc6+ Ke7 40. Rc7+ Kd6 41. Rc6+ Ke5 42. Re6+ Kf5 43. Re7 h5 44. d6 Rd8 45. Rxa7 Rxd6 46. Kg2 Be4+ 47. Nxe4 Kxe4 48. Ra3 Rd3 49. Ra4+ Kd5 50. Ra8 Kc4 51. Rb8 Rd6 52. Rh8 b5 53. Rxh5 b4 54. f4 gxf4 55. gxf4 Kb3 56. Rb5 Rd4 57. Rf5 Kxb2 58. Rxf6 b3 59. f5 Rc4 60. Rb6 Kc2 61. f6 b2 62. f7 Rf4 63. Rc6+ Kb3 64. Rb6+ Kc3 65. Rc6+ Kb3 66. Rb6+ Ka2 67. Ra6+ Kb1 68. Ra7 Kc1 1/2-1/2

[Event "German-ch Women 2024"]
[Site "Ostfildern"]
[Date "2024.08.22"]
[Round "5.8"]
[White "Moeller, Hannah"]
[Black "Wartenberg, Alissa"]
[Result "1-0"]
[ECO "A46"]
[WhiteElo "1845"]
[BlackElo "1858"]
[Annotator "NA RC"]
[PlyCount "99"]
[EventDate "2024.08.16"]
[EventType "tourn"]
[EventCountry "GER"]
[SourceTitle "playchess.com"]
[Source "ChessBase"]
[SourceQuality "1"]
[TimeControl "40/5400+30:1800+30"]

1. Nf3 d5 2. g3 e6 3. Bg2 b5 4. d4 Nf6 5. O-O Bb7 6. Nbd2 {[%emt 0:01:40] A46: 1 d4 Nf6 2 Nf3 e6: Torre, London and Colle Systems.} Nbd7 7. b3 b4 8. Bb2 c5 9. c4 bxc3 10. Bxc3 Rc8 11. Rc1 Be7 12. dxc5 Bxc5 13. Ne5 (13. b4 $11 {deserves consideration.} Bb6 14. Qb3) 13... O-O (13... Nxe5 $15 14. Bxe5 O-O) 14. Nxd7 Nxd7 15. Nf3 Qb6 16. Bd4 Ba6 17. Qd2 Qd6 18. Rfe1 Bb4 19. Bc3 Rxc3 20. Rxc3 Nc5 $11 (20... Nf6 $5 21. Nd4 Bxc3 22. Qxc3 Rc8 $11) 21. Qb2 Bxc3 22. Qxc3 Rc8 23. Qb2 Qb6 24. Rc1 h6 25. Rc2 Ne4 26. Rxc8+ Bxc8 27. Qd4 Qa6 28. Qb2 Qc6 29. e3 Ba6 30. Nd4 Qc3 31. Qxc3 Nxc3 32. a3 Bd3 33. Bf1 Bxf1 34. Kxf1 Nb1 35. a4 Nd2+ 36. Ke2 Ne4 37. Nc6 Nc5 38. Nxa7 Nxb3 39. Nc6 Kf8 40. a5 Nc5 41. Nb4 Ke8 42. a6 Nd7 43. Kd3 Nb6 44. Kd4 Kd7 45. Kc5 Kc7 46. a7 Kb7 47. Nc6 Nc8 48. Nd8+ Kxa7 49. Nxf7 Kb7 50. Nd8+ 1-0

[Event "German-ch Women 2024"]
[Site "Ostfildern"]
[Date "2024.08.22"]
[Round "5.9"]
[White "Noll, Sonja"]
[Black "Koeberl, Christiane"]
[Result "1/2-1/2"]
[ECO "C24"]
[WhiteElo "1810"]
[BlackElo "1745"]
[Annotator "NA RC"]
[PlyCount "198"]
[EventDate "2024.08.16"]
[EventType "tourn"]
[EventCountry "GER"]
[SourceTitle "playchess.com"]
[Source "ChessBase"]
[SourceQuality "1"]
[TimeControl "40/5400+30:1800+30"]

1. e4 d6 2. Bc4 Nf6 3. d3 e5 4. Ne2 Be7 5. Nbc3 c6 6. a4 {[%emt 0:00:55] C24: Bishop's Opening: 2...Nf6.} Nbd7 7. O-O a5 8. Ng3 Nb6 9. Ba2 Bg4 10. f3 Be6 11. Bb1 d5 12. exd5 Nbxd5 13. Nce4 Qb6+ 14. Kh1 Ne3 15. Nxf6+ gxf6 16. Bxe3 Qxe3 17. Re1 Qh6 18. Qc1 (18. Ba2 $11 {might be stronger.}) 18... Qg7 (18... Qxc1 $15 19. Rxc1 h5) 19. f4 h5 20. Ba2 h4 21. Ne4 O-O-O 22. Bxe6+ fxe6 23. fxe5 fxe5 24. Qe3 Rdg8 25. Re2 Kb8 26. Nc5 ({Better is} 26. h3 $16) 26... Bxc5 27. Qxc5 Rh5 ({Black should play} 27... e4 $11) 28. Qd6+ Ka7 29. Qxe6 Rg5 30. Rg1 Rf8 31. Qc4 Qf6 32. Qxh4 Rh8 33. Qf2+ Qxf2 34. Rxf2 Rh7 35. Re1 Kb6 36. Rfe2 Rhg7 37. g3 Rf5 38. Rxe5 Rf2 39. R1e2 Rgf7 40. g4 c5 41. g5 R2f4 42. b3 Rg4 43. Re6+ Ka7 44. Rf6 Rg7 45. Rg2 R4xg5 46. Rxg5 Rxg5 47. h4 Rh5 48. Rf4 Kb6 49. Kg2 Re5 50. Re4 Rf5 51. Kg3 Kc6 52. Kg4 Rf2 53. Rc4 Kd5 54. h5 b6 55. h6 Ke6 56. h7 Rh2 57. Kg5 Rxh7 58. Re4+ Kd5 59. Kf6 Rh2 60. c4+ Kd6 61. d4 cxd4 (61... Rf2+ $11 62. Kg7 cxd4 63. Rxd4+ Kc5 64. Rd5+ Kc6) 62. Rxd4+ Kc5 63. Rd5+ Kc6 $1 64. Ke5 Rh3 65. Rb5 Rh5+ 66. Kd4 Rh4+ 67. Kc3 Rh3+ 68. Kb2 Rh4 69. c5 Rh2+ 70. Ka3 bxc5 71. Rxa5 Rh1 72. Ra8 Kb7 73. Rg8 Ra1+ 74. Kb2 Rh1 75. Kc3 Rh4 76. Rg6 Rf4 77. Re6 Rh4 $16 78. Kd3 Rb4 79. Kc3 Rh4 80. a5 Rf4 81. Rb6+ Kc7 82. Rh6 Kb7 83. a6+ Ka7 84. Rc6 Rh4 85. Rxc5 Kxa6 86. Rc4 Rh5 87. Rb4 Rc5+ 88. Kd4 Rc1 89. Rc4 Rb1 90. Rb4 Ka5 91. Rb8 Rc1 92. b4+ Ka6 93. Kd5 Rc2 94. Kd6 Ka7 95. Re8 Kb7 96. Re5 Rc6+ 97. Kd5 Rc7 98. b5 Kb6 99. Kd6 Rc1 1/2-1/2

[Event "German-ch Women 2024"]
[Site "Ostfildern"]
[Date "2024.08.22"]
[Round "5.10"]
[White "Sokyrko, Sofiia"]
[Black "Albayrak, Aylin"]
[Result "0-1"]
[ECO "A48"]
[WhiteElo "1585"]
[BlackElo "1741"]
[Annotator "NA RC"]
[PlyCount "56"]
[EventDate "2024.08.16"]
[EventType "tourn"]
[EventCountry "GER"]
[SourceTitle "playchess.com"]
[Source "ChessBase"]
[SourceQuality "1"]
[TimeControl "40/5400+30:1800+30"]

1. d4 Nf6 2. Bf4 g6 3. Nf3 Bg7 4. h3 O-O 5. e3 b6 6. a4 a5 7. Be2 Bb7 8. O-O Na6 9. c3 c5 10. Nbd2 cxd4 11. exd4 Rc8 12. Re1 d6 13. Bf1 Nc7 14. Bh2 Ncd5 15. Ng5 Bh6 16. Nde4 Nxe4 17. Nxe4 f5 18. Nd2 Kh8 19. Be2 Nf4 20. Nf3 Nd5 21. c4 Nf6 22. d5 Ne4 23. Nd4 e5 24. Ne6 Qh4 25. Rf1 Rf7 26. f4 exf4 27. Bxf4 g5 28. Be3 f4 0-1

[Event "German-ch Women 2024"]
[Site "Ostfildern"]
[Date "2024.08.22"]
[Round "6.1"]
[White "Miljkovic, Jovana"]
[Black "Kostak, Tetyana"]
[Result "0-1"]
[ECO "A55"]
[WhiteElo "2021"]
[BlackElo "2094"]
[Annotator "NA RC"]
[PlyCount "80"]
[EventDate "2024.08.16"]
[EventType "tourn"]
[EventCountry "GER"]
[SourceTitle "playchess.com"]
[Source "ChessBase"]
[SourceQuality "1"]
[TimeControl "40/5400+30:1800+30"]

1. Nf3 Nf6 2. c4 d6 3. d4 Nbd7 4. Nc3 e5 5. e4 Be7 6. Be2 c6 7. d5 Nc5 8. Nd2 a5 9. O-O O-O 10. Rb1 h6 11. b3 cxd5 12. cxd5 Ne8 13. a3 f5 14. b4 axb4 15. axb4 Nxe4 16. Ndxe4 fxe4 17. Nxe4 Nf6 18. Nxf6+ Bxf6 19. Bg4 Bg5 20. Qe2 Bxc1 21. Rbxc1 Bxg4 22. Qxg4 Rf4 23. Qe6+ Kh7 24. b5 Qb6 25. Qd7 Ra2 26. Kh1 Rfxf2 27. Rg1 e4 28. Qe6 Rf4 29. h3 Qd4 30. Qxd6 e3 31. Qe6 Rf6 32. Qe8 e2 33. Rge1 Rf2 34. Qe6 Qf4 35. Kg1 Qd4 36. Kh2 Rd2 37. d6 Qf4+ 38. Kg1 Rxd6 39. Qa2 Qg3 40. Qb1+ Rg6 0-1

[Event "German-ch Women 2024"]
[Site "Ostfildern"]
[Date "2024.08.22"]
[Round "6.2"]
[White "Bluebaum, Johanna"]
[Black "Braun, Kristin"]
[Result "0-1"]
[ECO "E93"]
[WhiteElo "1994"]
[BlackElo "2001"]
[Annotator "NA RC"]
[PlyCount "66"]
[EventDate "2024.08.16"]
[EventType "tourn"]
[EventCountry "GER"]
[SourceTitle "playchess.com"]
[Source "ChessBase"]
[SourceQuality "1"]
[TimeControl "40/5400+30:1800+30"]

1. d4 Nf6 2. c4 g6 3. Nc3 Bg7 4. e4 d6 5. Nf3 O-O 6. Be2 e5 7. d5 a5 8. h3 Na6 9. Be3 Nc5 10. Qc2 b6 11. g4 Bd7 12. b3 Qe7 13. Nd2 c6 14. g5 Ne8 15. dxc6 Bxc6 16. Nd5 Qb7 17. Bg4 f5 18. gxf6 Nxf6 19. Bxc5 dxc5 20. Qc3 Rae8 21. Qe3 h5 22. Be2 Kh7 23. Qg3 Bh6 24. Qh4 Nxd5 25. cxd5 Bxd5 26. exd5 Qxd5 27. O-O-O Bxd2+ 28. Rxd2 Qxh1+ 29. Rd1 Qc6 30. Kb1 Qf6 31. Qa4 Rd8 32. Bd3 Qf3 33. Qb5 Qxd1+ 0-1

[Event "German-ch Women 2024"]
[Site "Ostfildern"]
[Date "2024.08.22"]
[Round "6.3"]
[White "Staerk, Elisa"]
[Black "Bursan, Ana-Maria"]
[Result "1-0"]
[ECO "A07"]
[WhiteElo "2002"]
[BlackElo "1719"]
[Annotator "NA RC"]
[PlyCount "77"]
[EventDate "2024.08.16"]
[EventType "tourn"]
[EventCountry "GER"]
[SourceTitle "playchess.com"]
[Source "ChessBase"]
[SourceQuality "1"]
[TimeControl "40/5400+30:1800+30"]

1. d4 d5 2. Nf3 Nf6 3. g3 Bg4 4. Bg2 e6 5. O-O Bd6 6. c4 c6 7. cxd5 exd5 8. Nc3 Nbd7 9. h3 Bxf3 10. Bxf3 Qc7 11. Bd2 O-O 12. Rc1 Qb6 13. e3 Rfe8 14. Qc2 Re7 15. a3 a5 16. Rfd1 Rae8 17. Bg2 Ne4 18. Nxe4 dxe4 19. b4 axb4 20. Bxb4 Bxb4 21. axb4 Nf6 22. Qc5 Qa6 23. Bf1 Qa2 24. Bc4 Qa8 25. b5 Qc8 26. bxc6 Qxh3 27. Bf1 Qh6 28. c7 Ng4 29. Bg2 Qf6 30. Qxe7 Qxe7 31. c8=Q h5 32. Rc7 Qf8 33. Qxb7 Rb8 34. Qxe4 Qd8 35. Rdc1 g6 36. Qe7 Qxe7 37. Rxe7 Rb2 38. Rf1 Kf8 39. Rb7 1-0

[Event "German-ch Women 2024"]
[Site "Ostfildern"]
[Date "2024.08.22"]
[Round "6.4"]
[White "Wilmink, Anna"]
[Black "Just, Anita"]
[Result "0-1"]
[ECO "C02"]
[WhiteElo "1905"]
[BlackElo "1871"]
[Annotator "NA RC"]
[PlyCount "106"]
[EventDate "2024.08.16"]
[EventType "tourn"]
[EventCountry "GER"]
[SourceTitle "playchess.com"]
[Source "ChessBase"]
[SourceQuality "1"]
[TimeControl "40/5400+30:1800+30"]

1. e4 e6 2. d4 d5 3. e5 c5 4. c3 Qb6 5. Nf3 Bd7 6. a3 Bb5 7. Bxb5+ Qxb5 8. b4 cxd4 9. cxd4 Nc6 10. Qe2 Qxe2+ 11. Kxe2 Nge7 12. Kd3 f6 13. Re1 Kd7 14. Bd2 Ng6 15. b5 Nce7 16. Nc3 Rc8 17. Na4 Nf5 18. b6 a6 19. Rac1 Bxa3 20. Nc5+ Bxc5 21. dxc5 fxe5 22. Nxe5+ Nxe5+ 23. Rxe5 Rhe8 24. g3 Ne7 25. f4 Nc6 26. Re3 e5 27. fxe5 Rxe5 28. Rf3 Rce8 29. Bc3 R5e7 30. Rd1 Ne5+ 31. Bxe5 Rxe5 32. Rf7+ R5e7 33. Rdf1 Kc6 34. Kd4 Re4+ 35. Kd3 Re3+ 36. Kc2 R8e7 37. R1f5 Kxc5 38. Kd2 Re2+ 39. Kd1 a5 40. Rxe7 Rxe7 41. Kd2 Rd7 42. Kd3 Kxb6 43. Kd4 Kb5 44. Ke5 Kc6 45. Ke6 Rd6+ 46. Ke5 d4 47. Rf1 d3 48. Rc1+ Kd7 49. Rd1 d2 50. Ke4 a4 51. Ke3 b5 52. Ke2 a3 53. Ra1 d1=Q+ 0-1

[Event "German-ch Women 2024"]
[Site "Ostfildern"]
[Date "2024.08.22"]
[Round "6.5"]
[White "Walker, Julia"]
[Black "Novikova, Margarita"]
[Result "1/2-1/2"]
[ECO "B01"]
[WhiteElo "1836"]
[BlackElo "1991"]
[Annotator "RC"]
[PlyCount "105"]
[EventDate "2024.08.16"]
[EventType "tourn"]
[EventCountry "GER"]
[SourceTitle "playchess.com"]
[Source "ChessBase"]
[SourceQuality "1"]
[TimeControl "40/5400+30:1800+30"]

1. e4 d5 2. exd5 Qxd5 3. Nf3 Nf6 4. d4 Bg4 5. Be2 e6 6. O-O Nc6 7. Re1 O-O-O 8. Be3 Bxf3 9. Bxf3 Qd7 10. c3 e5 11. dxe5 Nxe5 12. Bd4 Nxf3+ 13. Qxf3 Qd5 14. Nd2 Bc5 15. Qh3+ Qd7 16. Qxd7+ Rxd7 17. Nf3 Bxd4 18. Nxd4 Nd5 19. Kf1 Nf4 20. Re4 Nd3 21. b3 g6 22. g3 c5 23. Rd1 f5 24. Re2 Nxf2 25. Kxf2 cxd4 26. cxd4 Rhd8 27. Red2 Rd5 28. Rc2+ Kd7 29. Rdc1 Ke6 30. Rc7 R8d7 31. Rxd7 Rxd7 32. Ke3 b6 33. b4 Kd5 34. a4 Re7+ 35. Kd3 g5 36. Rf1 Rf7 37. Re1 f4 38. Re5+ Kd6 39. gxf4 gxf4 40. Ke2 f3+ 41. Kf2 Rf4 42. Rh5 Rxd4 43. Rxh7 Rxb4 44. Rxa7 Rb2+ 45. Kxf3 Rxh2 46. Ke3 Kc5 47. Kd3 Ra2 48. Rc7+ Kb4 49. Rb7 Kc5 50. Rc7+ Kd5 51. Rb7 Ra3+ 52. Kd2 Kc5 53. Rc7+ 1/2-1/2

[Event "German-ch Women 2024"]
[Site "Ostfildern"]
[Date "2024.08.22"]
[Round "6.6"]
[White "Moeller, Hannah"]
[Black "Mader, Lena"]
[Result "1/2-1/2"]
[ECO "A39"]
[WhiteElo "1845"]
[BlackElo "1876"]
[Annotator "NA RC"]
[PlyCount "62"]
[EventDate "2024.08.16"]
[EventType "tourn"]
[EventCountry "GER"]
[SourceTitle "playchess.com"]
[Source "ChessBase"]
[SourceQuality "1"]
[TimeControl "40/5400+30:1800+30"]

1. Nf3 Nf6 2. g3 g6 3. Bg2 Bg7 4. O-O c5 5. c4 Nc6 6. Nc3 O-O 7. d4 cxd4 8. Nxd4 Nxd4 9. Qxd4 d6 10. Qd1 Rb8 11. Bd2 Be6 12. b3 Qd7 13. Qc1 Rfc8 14. Qa3 a6 15. Rac1 Bh3 16. Rfe1 Bxg2 17. Kxg2 Qc6+ 18. Kg1 Ne4 19. Nxe4 Qxe4 20. Bc3 Bh6 21. e3 Rc5 22. Qb2 Rbc8 23. Qd2 R5c7 24. Bb2 Bg7 25. Bd4 h5 26. h4 Bh6 27. Bb2 Bg7 28. Bd4 Bh6 29. Bb2 Bg7 30. Bd4 Bh6 31. Bb2 Bg7 1/2-1/2

[Event "German-ch Women 2024"]
[Site "Ostfildern"]
[Date "2024.08.22"]
[Round "6.7"]
[White "Wagenschuetz, Evelyn"]
[Black "Albayrak, Aylin"]
[Result "1-0"]
[ECO "B63"]
[WhiteElo "2070"]
[BlackElo "1741"]
[Annotator "NA RC"]
[PlyCount "67"]
[EventDate "2024.08.16"]
[EventType "tourn"]
[EventCountry "GER"]
[SourceTitle "playchess.com"]
[Source "ChessBase"]
[SourceQuality "1"]
[TimeControl "40/5400+30:1800+30"]

1. e4 c5 2. Nf3 Nc6 3. d4 cxd4 4. Nxd4 Nf6 5. Nc3 d6 6. Bg5 e6 7. Qd2 Be7 8. O-O-O O-O 9. Nxc6 bxc6 10. Bxf6 Bxf6 11. Qxd6 Qb6 12. Qg3 Rb8 13. b3 Qb4 14. e5 Qa3+ 15. Kb1 Be7 16. Ne4 Bb4 17. Rd4 Kh8 18. Nd6 c5 19. Rh4 Ba6 20. Qh3 h6 21. Ne4 Bd2 22. Nxd2 Rfd8 23. Bxa6 Rxd2 24. Bd3 Kg8 25. Qe3 Qa5 26. Rc4 Rd8 27. b4 Qb5 28. Qxd2 Qxc4 29. Bxc4 Rxd2 30. bxc5 Kf8 31. c6 Ke7 32. Kc1 Rd4 33. Bb5 Kd8 34. Rd1 1-0

[Event "German-ch Women 2024"]
[Site "Ostfildern"]
[Date "2024.08.22"]
[Round "6.8"]
[White "Moutaqi, Sandra"]
[Black "Noll, Sonja"]
[Result "1-0"]
[ECO "A41"]
[WhiteElo "1961"]
[BlackElo "1810"]
[Annotator "NA RC"]
[PlyCount "29"]
[EventDate "2024.08.16"]
[EventType "tourn"]
[EventCountry "GER"]
[SourceTitle "playchess.com"]
[Source "ChessBase"]
[SourceQuality "1"]
[TimeControl "40/5400+30:1800+30"]

1. d4 d6 2. c4 e5 3. d5 f5 4. Nc3 Nf6 5. g3 Be7 6. Bg2 O-O 7. e4 c6 8. Nge2 fxe4 9. Nxe4 Nxe4 10. Bxe4 Qa5+ 11. Nc3 Bh3 12. Qh5 Rxf2 13. Qxh7+ Kf8 14. Bg6 Bf6 15. Qh8+ 1-0

[Event "German-ch Women 2024"]
[Site "Ostfildern"]
[Date "2024.08.22"]
[Round "6.9"]
[White "Koeberl, Christiane"]
[Black "Foltin, Alica"]
[Result "1-0"]
[ECO "E60"]
[WhiteElo "1745"]
[BlackElo "1722"]
[Annotator "NA RC"]
[PlyCount "49"]
[EventDate "2024.08.16"]
[EventType "tourn"]
[EventCountry "GER"]
[SourceTitle "playchess.com"]
[Source "ChessBase"]
[SourceQuality "1"]
[TimeControl "40/5400+30:1800+30"]

1. d4 Nf6 2. Nf3 g6 3. g3 Bg7 4. Bg2 O-O 5. O-O d6 6. b3 Nbd7 7. Bb2 c6 8. c4 e5 9. dxe5 Ne8 10. Qc2 Nxe5 11. Nbd2 Nxf3+ 12. Bxf3 Nf6 13. Rfe1 d5 14. Rad1 d4 15. b4 Qb6 16. a3 Bf5 17. Qb3 Rad8 18. c5 Qc7 19. Nc4 Be6 20. Qc2 Bf5 21. Qc1 d3 22. e4 Be6 23. Nd6 d2 24. Rxd2 Bh6 25. Bxf6 1-0